 Dungeon Crawl Stone Soup version 0.20-a0-984-ge8aa303 (webtiles) character file.

269682 Lifeless the Severer (level 19, -2/172 HPs)
             Began as a Demonspawn Berserker on Apr 9, 2017.
             Was a High Priest of Trog.
             Slain by Mennas
             ... wielding a +4 sacred scourge of holy wrath
              (3 damage)
             ... on level 3 of the Vaults on Apr 10, 2017.
             The game lasted 03:32:29 (42750 turns).

Lifeless the Severer (Demonspawn Berserker)        Turns: 42750, Time: 03:32:29

Health: -2/172     AC: 23    Str: 29    XL:     19   Next: 41%
Magic:  19/19      EV: 31    Int:  8    God:    Trog [*****.]
Gold:   1219       SH:  0    Dex: 38    Spells: 18/18 levels left

rFire    . . .     SeeInvis +   a - +10 executioner's axe of Wrath {chop, *Corrode +Blink Dex+5}
rCold    . . .     Gourm    .   (shield currently unavailable)
rNeg     . . .     Faith    .   l - +4 troll leather armour of Going Fast {Regen+ Dex+8 SInv}
rPois    +         Spirit   .   (helmet unavailable)
rElec    +         Reflect  .   x - +1 cloak of Brilliance {Str+4}
rCorr    .         Harm     .   N - +2 pair of gloves
MR       +....                  Z - +1 pair of boots of the Queen {Str+3 Dex+6}
Stlth    +.........             S - amulet of Kanaqoat {RegenMP rElec rPois}
Regen    0.8/turn               g - +3 ring of slaying
MPRegen  0.3/turn               C - +4 ring of strength

@: marked, glowing
A: horns 3, iridescent scales 2, clumsy 1, demonic guardian 3, robust 1, no
potion heal 1, rot immunity
}: 2/15 runes: decaying, gossamer
a: Berserk, Trog's Hand, Brothers in Arms, Burn Spellbooks, Renounce Religion,
Evoke Blink


You were on level 3 of the Vaults.
You worshipped Trog.
Trog was extremely pleased with you.
You were not hungry.

You visited 6 branches of the dungeon, and saw 34 of its levels.
You visited the Abyss 1 time.
You also visited: Ice Cave.

You collected 3325 gold pieces.
You spent 2106 gold pieces at shops.

Inventory:

Hand Weapons
 a - the +10 executioner's axe of Wrath (weapon) {chop, *Corrode +Blink Dex+5}
   (Trog gifted it to you on level 2 of the Lair of Beasts)

   It inflicts extra damage upon your enemies.
   It affects your dexterity (+5).
   It lets you blink.
   It may corrode you when you take damage.
 b - the +8 whip "Snakebite" {curare, rPois}
   (You found it on level 1 of the Lair of Beasts)

   It poisons the flesh of those it strikes.
   It protects you from poison.
 c - a +9 antimagic executioner's axe
Armour
 l - the +4 troll leather armour of Going Fast (worn) {Regen+ Dex+8 SInv}
   (You bought it in a shop on level 2 of the Orcish Mines)

   It affects your dexterity (+8).
   It lets you see invisible.
   It increases your rate of regeneration.
 x - the +1 cloak of Brilliance (worn) {Str+4}
   (You bought it in a shop on level 6 of the Dungeon)

   It affects your strength (+4).
 N - a +2 pair of gloves (worn)
 Q - a +10 plate armour of ponderousness
 Z - the +1 pair of boots of the Queen (worn) {Str+3 Dex+6}
   (You found it on level 4 of the Spider Nest)

   It affects your strength (+3).
   It affects your dexterity (+6).
Jewellery
 e - a +5 ring of protection
 g - a +3 ring of slaying (left hand)
 n - an uncursed ring of poison resistance
 C - a +4 ring of strength (right hand)
 D - an uncursed ring of fire
 F - an uncursed ring of protection from magic
 K - an uncursed ring of flight
 S - the amulet of Kanaqoat (around neck) {RegenMP rElec rPois}
   (You bought it in a shop on level 2 of the Orcish Mines)

   [amulet of magic regeneration]

   It increases your magic regeneration.
   It insulates you from electricity.
   It protects you from poison.
 T - an uncursed ring of see invisible
Wands
 d - a wand of acid (8/15)
 V - a wand of digging (21/24)
Scrolls
 h - 11 scrolls of teleportation
 o - 4 scrolls of enchant weapon
 q - 6 scrolls of recharging
 r - 3 scrolls of fear
 t - 4 scrolls of enchant armour
 u - 5 scrolls of identify
 w - a scroll of magic mapping
 A - 3 scrolls of immolation
 B - 10 scrolls of remove curse
 G - a scroll of summoning
 J - 5 scrolls of blinking
Potions
 f - a potion of might
 i - 4 potions of agility
 j - 5 potions of haste
 p - 3 potions of resistance
 s - 4 potions of invisibility
 v - 2 potions of flight
 z - a potion of cancellation
 E - 2 potions of ambrosia
 H - 3 potions of lignification
 L - 8 potions of curing
Miscellaneous
 y - a lightning rod (1/4)
Comestibles
 k - 7 meat rations
 O - 21 bread rations
 X - a royal jelly
 Y - 6 fruits


   Skills:
 + Level 16.3 Fighting
 * Level 20.3 Axes
 + Level 14.2 Armour
 + Level 14.1 Dodging


You had 18 spell levels left.
You didn't know any spells.

Dungeon Overview and Level Annotations

Branches:
Dungeon (15/15)            Temple (0/1) D:7            Lair (6/6) D:11
  Swamp (4/4) Lair:3       Spider (4/4) Lair:3        Slime (0/5) Lair:6
    Orc (2/2) D:12            Elf (0/3) Orc:2        Vaults (3/5) D:14
  Crypt (0/3) Vaults:3     Depths (0/5) D:15

Altars:
Ashenzari
Cheibriados
Dithmenos
Fedhas
Gozag
Hepliaklqana
Kikubaaqudgha
Nemelex Xobeh
Qazlal
Uskayaw
Vehumet
Wu Jian
Xom
Beogh

Shops:
D:5 !   D:6 (%[   Orc:2 ([[*=   Vaults:2 *[

Annotations:
Vaults:3 Mennas


Innate Abilities, Weirdness & Mutations

You have a pair of large horns on your head.
You are mostly covered in iridescent scales. (AC +4)
A powerful demonic guardian rushes to your aid.
You are robust. (+10% HP)
You are immune to rotting.
You are clumsy. (Dex -2)
Potions are less effective at restoring your health.


Message History

Mennas is moderately wounded.
Mennas becomes audible again.
Mennas completely misses you.
Mennas hits you with a sacred scourge of holy wrath!!
* * * LOW HITPOINT WARNING * * *
You convulse.
* * * LOW HITPOINT WARNING * * *
The wizard mumbles some strange words.
You feel disoriented.
The vault warden activates a sealing rune.
Your system partially rejects the healing.
You feel much better.
Mennas looks to the heavens.
Mennas hits you with a sacred scourge of holy wrath!!
* * * LOW HITPOINT WARNING * * *
You convulse!!
* * * LOW HITPOINT WARNING * * *
Mennas hits you with a sacred scourge of holy wrath!
* * * LOW HITPOINT WARNING * * *
You convulse.
You die...

###########
##########..........
#........#..........
####.......#.p###+#+#.
#.###......#..'.#
#..###....uupp###
#...###...p#.uA@#
##....#'#...#.p###
.#.....###..#..+
.#......###.#..#
.#.......####...
.'........# #....
.####+##### ##### .#
... .# ..#.


You could see Mennas, a white very ugly thing, a vault warden, 2 ugly things, an
ironbrand convoker and a wizard.

Vanquished Creatures
  A bone dragon (Abyss:3)
  A tentacled monstrosity (Swamp:4)
  A lich (Vaults:3)
  Asterion (Vaults:1)
  A tentacled starspawn (Abyss:3)
  A thorn hunter (Swamp:3)
  A fire giant (Vaults:3)
  4 ghost moths
  3 emperor scorpions
  Louise (D:14)
  5 vault wardens
  Aizul (Swamp:3)
  7 ironheart preservers
  6 stone giants
  2 entropy weavers
  3 dire elephants (Lair:6)
  2 deep elf annihilators
  A spark wasp (Spider:3)
  Azrael (Spider:3)
  2 ettins (Vaults:2)
  2 green deaths (Swamp:4)
  A deep elf death mage (Vaults:2)
  2 great orbs of eyes (Vaults:1)
  A crystal guardian (Vaults:3)
  9 yaktaur captains
  4 ogre magi
  Erolcha (D:11)
  7 vault guards
  Harold (D:11)
  12 hydras
  2 rakshasas
  An ice dragon (Vaults:2)
  An anaconda (Lair:6)
  3 alligators
  12 centaur warriors
  2 tengu warriors (D:13)
  12 two-headed ogres
  2 thrashing horrors (Swamp:4)
  A deep troll earth mage (Vaults:1)
  3 orc high priests (Orc:2)
  2 deep elf knights
  A spriggan (Swamp:4)
  3 wretched stars (Abyss:3)
  A shadow wraith (Vaults:1)
  A spatial maelstrom (Abyss:3)
  A glowing orange brain (Abyss:3)
  2 deep elf archers (Vaults:2)
  2 spriggan druids (Swamp:4)
  2 wizards (D:15)
  A deep troll (Vaults:1)
  10 swamp dragons
  A phantasmal warrior (D:13)
  6 unseen horrors
  The ghost of Doomer the Basher, a novice GrBe of Trog (D:8)
  A flayed ghost (Vaults:1)
  2 shambling mangroves
  12 orc knights
  5 harpies
  15 orb spiders
  15 ugly things
  20 wolf spiders
  5 cyclopes
  12 ironbrand convokers
  6 deep elf magi
  6 orc sorcerers
  3 manticores
  A moth of wrath (Spider:3)
  7 black mambas
  Maurice (Orc:2)
  2 large abominations
  9 elephants (Lair:6)
  7 vault sentinels
  A gargoyle (D:15)
  6 rime drakes
  2 torpor snails
  2 orange demons (Swamp:4)
  A komodo dragon (shapeshifter) (Vaults:2)
  8 demonic crawlers
  9 komodo dragons
  2 freezing wraiths (Vaults:2)
  20 yaktaurs
  A kobold demonologist (D:13)
  16 spiny frogs
  An ancient zyme (Abyss:3)
  10 trolls
  A wolf spider simulacrum (D:15)
  2 polar bears
  A meliai (shapeshifter) (Vaults:1)
  21 jumping spiders
  20 slime creatures
  12 hornets
  4 tyrant leeches
  9 hippogriffs
  3 raiju (Abyss:3)
  2 blink frogs (shapeshifter)
  5 dream sheep (Lair:6)
  7 bog bodies
  16 blink frogs
  67 redbacks
  15 starcursed masses (Abyss:3)
  2 ynoxinuls (Abyss:3)
  4 shadows
  A water elemental (D:11)
  A wyvern (Lair:1)
  Sigmund (D:2)
  3 fire bats (Orc:2)
  A basilisk (D:14)
  3 vampires
  33 yaks
  A wraith (D:13)
  22 tarantellas
  2 fire elementals (Spider:3)
  A steam dragon (D:10)
  2 chaos spawn (Abyss:3)
  3 hungry ghosts
  18 vampire mosquitoes
  7 insubstantial wisps
  A soldier ant (D:13)
  15 swamp worms
  3 acid dragons
  4 wargs (Orc:2)
  22 water moccasins
  4 hell hounds
  3 swamp drakes
  8 porcupines
  Duvessa (D:7)
  40 orc warriors
  4 ice beasts
  4 phantoms
  3 sky beasts
  2 black bears (D:8)
  18 ogres
  A hornet zombie (D:12)
  4 boggarts (Vaults:1)
  2 necrophages
  27 centaurs
  8 wolves
  14 crocodiles
  A big kobold (D:9)
  A gnoll sergeant (Orc:2)
  14 bullfrogs
  A small abomination (Abyss:3)
  5 scorpions
  Dowan (D:7)
  13 killer bees
  14 wights
  A howler monkey (D:8)
  An electric eel (Lair:4)
  3 bullfrog zombies
  5 centaur zombies
  9 crimson imps
  A quasit (Abyss:3)
  8 hounds
  A human simulacrum (Vaults:2)
  29 orc priests
  A bullfrog skeleton (D:6)
  A jelly (D:9)
  Crazy Yiuf (D:6)
  6 centaur skeletons
  5 iguanas
  20 orc wizards
  6 worker ants
  2 killer bee zombies
  A hound skeleton (D:8)
  A howler monkey zombie (D:9)
  Robin (D:4)
  A gnoll (Orc:2)
  20 adders
  7 river rats (D:5)
  3 shadow imps
  An ufetubus (Abyss:3)
  2 oozes
  3 worms
  5 leopard geckos
  93 orcs
  4 bats (D:2)
  10 giant cockroaches
  13 hobgoblins
  4 jackals (D:5)
  13 quokkas
  6 frilled lizards
  14 goblins
  13 kobolds
  A leopard gecko zombie (D:5)
  3 quokka zombies
  20 rats
  5 fungi
  6 plants (Lair:6)
1244 creatures vanquished.

Vanquished Creatures (collateral kills)
  A storm dragon (Vaults:2)
  A tentacled starspawn (Abyss:3)
  An orc warlord (Orc:2)
  4 emperor scorpions (Spider:4)
  2 very ugly things
  A spark wasp (Spider:4)
  2 dire elephants (Lair:6)
  3 ogre magi
  5 hydras
  2 vault guards (D:14)
  An alligator (Swamp:2)
  2 death knights
  9 two-headed ogres
  A centaur warrior (D:13)
  A deep troll shaman (Vaults:1)
  A sun demon (Abyss:3)
  3 wretched stars (Abyss:3)
  A deep elf knight (Vaults:1)
  A deep troll (Vaults:1)
  2 harpies (Vaults:1)
  An orb spider (Spider:4)
  3 deep elf magi
  A wolf spider (Spider:1)
  6 ugly things
  A worldbinder (Abyss:3)
  A cyclops (Vaults:1)
  4 elephants (Lair:6)
  A vault sentinel (Vaults:1)
  A dire elephant skeleton (Abyss:3)
  Psyche (D:11)
  A spiny frog (shapeshifter) (Abyss:3)
  2 orange demons (Swamp:4)
  A black mamba (Lair:1)
  A smoke demon (Abyss:3)
  A kobold demonologist (D:13)
  A komodo dragon (Lair:1)
  A yaktaur (Vaults:2)
  3 trolls
  A freezing wraith (D:13)
  3 jumping spiders
  3 hornets (Spider:4)
  4 raiju (Abyss:3)
  8 blink frogs
  A bog body (Swamp:4)
  A dream sheep (Lair:6)
  4 slime creatures
  14 yaks
  A vampire mosquito (Lair:4)
  2 neqoxecs (Abyss:3)
  A warg (Orc:2)
  2 large abominations (Abyss:3)
  A swamp worm (Swamp:4)
  2 water moccasins (Lair:1)
  A porcupine (Lair:2)
  A swamp drake (Swamp:4)
  A phantom (D:6)
  4 orc warriors (Orc:2)
  3 ice beasts (IceCv)
  5 ogres
  2 wolves (Lair:3)
  3 bullfrogs
  A scorpion (D:4)
  A killer bee (D:13)
  A howler monkey (D:5)
  9 starcursed masses (Abyss:3)
  3 orc priests (Orc:2)
  A hound (D:8)
  2 orc wizards (Orc:2)
  4 gnolls (Orc:2)
  2 adders
  13 orcs
  A giant cockroach (D:8)
  A quokka (D:8)
  A jackal skeleton (D:5)
  A kobold (D:13)
  A starspawn tentacle (Abyss:3)
185 creatures vanquished.

Vanquished Creatures (others)
  An ironbrand convoker (Vaults:2)
  An ancient zyme (Abyss:3)
  A hornet (Spider:4)
  2 ynoxinuls (Abyss:3)
  An orc warrior (Vaults:2)
  A killer bee (D:11)
  2 orcs
  7 fungi
  2 plants (Lair:6)
  5 starspawn tentacles (Abyss:3)
23 creatures vanquished.

Grand Total: 1452 creatures vanquished

Notes
Turn   | Place    | Note
-------+----------+-------------------------------------------
     0 | D:1      | Lifeless the Demonspawn Berserker began the quest for the Orb.
     0 | D:1      | Reached XP level 1. HP: 18/18 MP: 1/1
   459 | D:1      | Gained mutation: You have a pair of small horns on your head. [demonic ancestry]
   459 | D:1      | Reached XP level 2. HP: 17/24 MP: 2/2
  1052 | D:1      | Reached skill level 3 in Axes
  1557 | D:2      | Reached XP level 3. HP: 27/29 MP: 3/3
  1719 | D:2      | Reached ** piety under Trog
  1913 | D:2      | Noticed Sigmund
  1931 | D:2      | Killed Sigmund
  1931 | D:2      | Reached skill level 4 in Axes
  1931 | D:2      | Reached XP level 4. HP: 37/37 MP: 4/4
  1931 | D:2      | Gained mutation: You are partially covered in iridescent scales. (AC +2) [demonic ancestry]
  1931 | D:2      | Reached XP level 5. HP: 42/42 MP: 5/5
  3146 | D:4      | Got an ancient falchion
  3147 | D:4      | Identified the cursed +1 falchion of Indomitability {antimagic, Dex+5} (You found it on level 4 of the Dungeon)
  3181 | D:4      | Noticed a phantom
  3235 | D:4      | Killed a phantom
  3235 | D:4      | Gained mutation: A weak demonic guardian rushes to your aid. [demonic ancestry]
  3235 | D:4      | Reached XP level 6. HP: 49/49 MP: 2/6
  3732 | D:4      | Noticed Robin
  3740 | D:4      | Killed Robin
  4028 | D:4      | Reached skill level 5 in Fighting
  4341 | D:4      | Reached *** piety under Trog
  4341 | D:4      | Gained mutation: You have a pair of horns on your head. [demonic ancestry]
  4341 | D:4      | Reached XP level 7. HP: 56/56 MP: 2/7
  4366 | D:5      | Entered Level 5 of the Dungeon
  4370 | D:5      | Reached skill level 5 in Axes
  4829 | D:5      | Found Pahal's Distillery.
  4836 | D:5      | Found an opulent altar of Gozag.
  4837 | D:5      | Bought a potion of heal wounds for 50 gold pieces
  5410 | D:6      | Reached XP level 8. HP: 61/63 MP: 2/8
  5485 | D:6      | Found Wereff's Food Emporium.
  5680 | D:6      | Reached skill level 6 in Axes
  5737 | D:6      | Reached **** piety under Trog
  5737 | D:6      | Received a gift from Trog
  5738 | D:6      | Found Yblatuqo's Armour Boutique.
  5757 | D:6      | Bought the +1 cloak of Brilliance {Str+4} for 298 gold pieces
  5841 | D:6      | Found a blossoming altar of Fedhas.
  5849 | D:6      | Found Ipuopaq's Antique Weapon Boutique.
  6528 | D:6      | Found a runed door.
  6533 | D:6      | Noticed Crazy Yiuf
  6535 | D:6      | Paralysed by Crazy Yiuf for 6 turns
  6543 | D:6      | Killed Crazy Yiuf
  7065 | D:7      | Got a shimmering quarterstaff
  7103 | D:7      | Identified the +8 quarterstaff of Inconvenience {venom, Fragile rElec rPois Int+7} (You found it on level 7 of the Dungeon)
  7124 | D:7      | Reached skill level 7 in Axes
  7203 | D:7      | Found a staircase to the Ecumenical Temple.
  7231 | D:7      | Found a shattered altar of Ashenzari.
  7556 | D:7      | Reached XP level 9. HP: 71/71 MP: 9/9
  7619 | D:7      | Noticed Duvessa
  7625 | D:7      | Noticed Dowan
  7638 | D:7      | Killed Dowan
  7638 | D:7      | Reached skill level 5 in Armour
  7639 | D:7      | Killed Duvessa
  7705 | D:7      | Reached skill level 5 in Dodging
  8110 | D:8      | Reached skill level 8 in Axes
  8319 | D:8      | Found a shimmering altar of Xom.
  8322 | D:8      | Found a hazy altar of Hepliaklqana.
  8322 | D:8      | Noticed a hell beast
  8323 | D:8      | Noticed a spectral ugly thing
  8323 | D:8      | Noticed a hell beast
  8471 | D:8      | Found a snail-covered altar of Cheibriados.
  8472 | D:8      | Noticed Doomer's ghost (novice GrBe)
  8473 | D:8      | Found a sparkling altar of Nemelex Xobeh.
  8591 | D:8      | Found an ancient bone altar of Kikubaaqudgha.
  8601 | D:8      | Found a hide-covered altar of Uskayaw.
  8688 | D:8      | Found a radiant altar of Vehumet.
  9112 | D:8      | Killed Doomer's ghost
  9112 | D:8      | Gained mutation: You are mostly covered in iridescent scales. (AC +4) [demonic ancestry]
  9112 | D:8      | Reached XP level 10. HP: 79/79 MP: 10/10
  9223 | D:9      | Reached skill level 9 in Axes
  9341 | D:9      | Reached ***** piety under Trog
  9348 | D:9      | Found an ornate altar of the Wu Jian Council.
  9675 | D:9      | Found a stormy altar of Qazlal.
  9985 | D:9      | Received a gift from Trog
 10298 | D:10     | Entered Level 10 of the Dungeon
 10535 | D:10     | Got an ancient ring mail
 10546 | D:10     | Identified the +1 ring mail of the Onion {rCorr Dex+2} (You found it on level 10 of the Dungeon)
 10611 | D:10     | Noticed a six-headed hydra
 10617 | D:10     | Killed a six-headed hydra
 10617 | D:10     | Reached skill level 10 in Axes
 11172 | D:11     | Found a staircase to the Lair.
 11174 | D:11     | Gained mutation: You are immune to rotting. [demonic ancestry]
 11174 | D:11     | Reached XP level 11. HP: 87/87 MP: 11/11
 11410 | D:11     | Noticed an eight-headed hydra
 11433 | D:11     | Killed an eight-headed hydra
 11453 | D:11     | Noticed Erolcha
 11507 | D:11     | Killed Erolcha
 11665 | D:11     | Noticed Psyche
 11732 | D:11     | Noticed Harold
 11763 | D:11     | Killed Harold
 12033 | D:11     | Reached skill level 11 in Axes
 12110 | D:11     | Killed Psyche
 12470 | D:11     | Received a gift from Trog
 12634 | D:11     | Found an ornate altar of the Wu Jian Council.
 12720 | D:12     | Found a staircase to the Orcish Mines.
 12761 | D:12     | Noticed a cyan ugly thing
 12773 | D:12     | Killed a cyan ugly thing
 12983 | D:12     | Noticed a white ugly thing
 12991 | D:12     | Killed a white ugly thing
 13180 | D:12     | Noticed a deep elf mage
 13192 | D:12     | Killed a deep elf mage
 13856 | Lair:1   | Entered Level 1 of the Lair of Beasts
 13917 | Lair:1   | Gained mutation: A demonic guardian rushes to your aid. [demonic ancestry]
 13917 | Lair:1   | Reached XP level 12. HP: 89/96 MP: 12/12
 14157 | Lair:1   | Reached skill level 12 in Axes
 14659 | Lair:1   | Reached skill level 10 in Fighting
 15393 | Lair:2   | Noticed a five-headed hydra
 15405 | Lair:2   | Killed a five-headed hydra
 15585 | Lair:2   | Noticed a seven-headed hydra
 15597 | Lair:2   | Killed a seven-headed hydra
 15597 | Lair:2   | Received a gift from Trog
 15600 | Lair:2   | Got an ancient executioner's axe {god gift}
 15602 | Lair:2   | Identified the +10 executioner's axe of Wrath {chop, *Corrode +Blink Dex+5} (Trog gifted it to you on level 2 of the Lair of Beasts)
 16206 | Lair:3   | Noticed a four-headed hydra
 16215 | Lair:3   | Killed a four-headed hydra
 16287 | Lair:3   | Reached skill level 13 in Axes
 16315 | Lair:3   | Found a labyrinth entrance.
 16539 | Lair:3   | Found a hole to the Spider Nest.
 16574 | Lair:3   | Reached XP level 13. HP: 90/104 MP: 13/13
 16855 | Lair:3   | Found a staircase to the Swamp.
 17215 | Lair:4   | Received a gift from Trog
 18699 | Lair:5   | Found a frozen archway.
 18708 | IceCv    | Entered an ice cave
 19134 | Lair:6   | Entered Level 6 of the Lair of Beasts
 19392 | Lair:6   | Received a gift from Trog
 19454 | Lair:6   | Reached skill level 14 in Axes
 19515 | Lair:6   | Reached skill level 10 in Armour
 19683 | Lair:6   | Found a staircase to the Slime Pits.
 19694 | Lair:6   | Received a gift from Trog
 19908 | Lair:6   | Reached skill level 10 in Dodging
 19908 | Lair:6   | Gained mutation: You have a pair of large horns on your head. [demonic ancestry]
 19908 | Lair:6   | Reached XP level 14. HP: 115/115 MP: 14/14
 20574 | Lair:6   | Identified Zysug's Collected Works on Attacks
 20803 | Swamp:1  | Entered Level 1 of the Swamp
 22148 | Swamp:2  | Reached ****** piety under Trog
 22331 | Swamp:2  | Reached skill level 15 in Axes
 22621 | Swamp:3  | Noticed a brown very ugly thing
 22634 | Swamp:3  | Killed a brown very ugly thing
 22634 | Swamp:3  | Received a gift from Trog
 22761 | Swamp:3  | Noticed Aizul
 22779 | Swamp:3  | Killed Aizul
 23228 | Swamp:3  | Noticed a thorn hunter
 23246 | Swamp:3  | Killed a thorn hunter
 23761 | Swamp:4  | Entered Level 4 of the Swamp
 24067 | Swamp:4  | Gained mutation: You are robust. (+10% HP) [demonic ancestry]
 24067 | Swamp:4  | Reached XP level 15. HP: 68/134 MP: 15/15
 24976 | Swamp:4  | Received a gift from Trog
 25155 | Swamp:4  | Noticed a tentacled monstrosity
 25167 | Swamp:4  | Killed a tentacled monstrosity
 25314 | Swamp:4  | Got a decaying rune of Zot
 26042 | Spider:1 | Entered Level 1 of the Spider Nest
 26162 | Spider:1 | Reached skill level 16 in Axes
 27112 | Spider:1 | Received a gift from Trog
 28308 | Spider:2 | Gained mutation: A powerful demonic guardian rushes to your aid. [demonic ancestry]
 28308 | Spider:2 | Reached XP level 16. HP: 145/145 MP: 16/16
 28794 | Spider:3 | Reached skill level 17 in Axes
 29554 | Spider:3 | Received a gift from Trog
 29611 | Spider:3 | Noticed Azrael
 29623 | Spider:3 | Killed Azrael
 31063 | Spider:4 | Entered Level 4 of the Spider Nest
 31626 | Spider:4 | Got a pair of polished boots
 31637 | Spider:4 | Identified the +1 pair of boots of the Queen {Str+3 Dex+6} (You found it on level 4 of the Spider Nest)
 32328 | Spider:4 | Got a gossamer rune of Zot
 32693 | Lair:3   | Received a gift from Trog
 33757 | D:14     | Noticed Louise
 33769 | D:14     | Cast into level 3 of the Abyss (Louise)
 33884 | Abyss:3  | Gained mutation: You are clumsy. (Dex -2) [a neqoxec]
 33887 | Abyss:3  | Gained mutation: Potions are less effective at restoring your health. [a neqoxec]
 33891 | Abyss:3  | Reached skill level 18 in Axes
 33891 | Abyss:3  | Reached XP level 17. HP: 99/154 MP: 17/17
 33893 | Abyss:3  | Paralysed by accursed screaming for 1 turns
 33969 | Abyss:3  | HP: 4/154 [wretched star/orb of energy (30)]
 34141 | Abyss:3  | Noticed a bone dragon
 34151 | Abyss:3  | Killed a bone dragon
 34188 | D:14     | Escaped the Abyss
 34201 | D:14     | Killed Louise
 34509 | D:14     | Found a gate to the Vaults.
 34720 | D:14     | Found a shadowy altar of Dithmenos.
 35121 | D:15     | Entered Level 15 of the Dungeon
 35133 | D:15     | Got a bound brass ring
 35135 | D:15     | Identified the cursed ring "Qaavuot" {-Tele MR+ Str-2 Dex+2} (You found it on level 15 of the Dungeon)
 35171 | D:15     | Paralysed by an ogre mage for 7 turns
 35516 | D:15     | Reached skill level 15 in Fighting
 35732 | D:15     | Received a gift from Trog
 36079 | D:15     | Found a staircase to the Depths.
 36222 | Orc:1    | Entered Level 1 of the Orcish Mines
 36472 | Orc:2    | Entered Level 2 of the Orcish Mines
 36506 | Orc:2    | Noticed Maurice
 36518 | Orc:2    | Killed Maurice
 36738 | Orc:2    | Found a roughly hewn altar of Beogh.
 36751 | Orc:2    | Found a roughly hewn altar of Beogh.
 36758 | Orc:2    | Found a staircase to the Elven Halls.
 36875 | Orc:1    | Found a shimmering altar of Xom.
 37194 | Orc:2    | Found a roughly hewn altar of Beogh.
 37195 | Orc:2    | Found Vuleb's Antique Armour Boutique.
 37380 | Orc:2    | Found a roughly hewn altar of Beogh.
 37380 | Orc:2    | Found Wetem's Antique Armour Boutique.
 37398 | Orc:2    | Found Hiprulux's Humungous Hoard.
 37451 | Orc:2    | Found Kazalup's Antique Weapon Shop.
 37497 | Orc:2    | Bought a potion of heal wounds for 75 gold pieces
 37553 | Orc:2    | Found a roughly hewn altar of Beogh.
 37602 | Orc:2    | Received a gift from Trog
 37612 | Orc:2    | Found a roughly hewn altar of Beogh.
 37623 | Orc:2    | Found Ettih's Jewellery Emporium.
 37629 | Orc:2    | Bought the amulet of Kanaqoat {RegenMP rElec rPois} for 530 gold pieces
 37629 | Orc:2    | Bought a +3 ring of slaying for 495 gold pieces
 37719 | Orc:2    | Found a roughly hewn altar of Beogh.
 38017 | Orc:2    | Found a roughly hewn altar of Beogh.
 38461 | Orc:2    | Bought a jacinth-encrusted troll leather armour for 620 gold pieces
 38471 | Orc:2    | Identified the +4 troll leather armour of Going Fast {Regen+ Dex+8 SInv} (You bought it in a shop on level 2 of the Orcish Mines)
 38696 | Vaults:1 | Entered Level 1 of the Vaults
 38702 | Vaults:1 | Received a gift from Trog
 38808 | Vaults:1 | Upgraded the game from 0.20-a0-972-gb9bd3e6 to 0.20-a0-984-ge8aa303
 38845 | Vaults:1 | Reached skill level 19 in Axes
 38892 | Vaults:1 | Reached XP level 18. HP: 148/163 MP: 18/18
 39001 | Vaults:1 | Received a gift from Trog
 39332 | Vaults:1 | Noticed Asterion
 39345 | Vaults:1 | Killed Asterion
 39814 | Vaults:1 | Received a gift from Trog
 40954 | Vaults:2 | Reached XP level 19. HP: 162/172 MP: 19/19
 41059 | Vaults:2 | Found Keto Dua's Armour Emporium.
 41063 | Vaults:2 | Reached skill level 20 in Axes
 41065 | Vaults:2 | Received a gift from Trog
 41497 | Vaults:2 | Found Reginat's Assorted Antiques.
 41503 | Vaults:2 | Bought a scroll labeled GAOVUY INWIDON for 38 gold pieces
 42535 | Vaults:3 | Noticed a lich
 42540 | Vaults:3 | Killed a lich
 42668 | Vaults:3 | Found a staircase to the Crypt.
 42740 | Vaults:3 | Noticed Mennas
 42750 | Vaults:3 | HP: 1/172 [Mennas/sacred scourge of holy wrath (9)]
 42750 | Vaults:3 | Slain by Mennas

Vault maps used:
D:1:      dpeg_arrival_pond
D:2:      minmay_diamond_boxcup, uniq_sigmund
D:3:      first_bread
D:4:      uniq_robin
D:5:      lemuel_ratsnest, lemuel_crystal_altar, serial_shops, shop
D:6:      lemuel_round_altar, serial_shops, shop, shop_fountains,
          nicolae_shop_competitors_out_of_business, minmay_door_square,
          feat_on_display, uniq_crazy_yiuf_cottage
D:7:      evilmike_ruin_ashenzari, minmay_temple_entry_hall, uniq_duvessa
D:8:      regret_index_temple_of_mockery, nicolae_overflow_hidden_temple,
          vehumet_altar_wand_db
D:9:      lemuel_coloured_pillars_altar, kennysheep_little_box,
          serial_co_window_serial, co_window_paths_b, co_window_paths_a,
          co_window_paths_b, co_window_paths_a, co_window_of_opportunity_a,
          co_window_2corner, co_window_of_opportunity_b, co_window_paths_c,
          co_window_corner_b, co_window_corner_cb, glass_columns_a,
          glass_columns_a
D:11:     minmay_lair_entry_lava, basic_altar, uniq_erolcha, uniq_psyche,
          uniq_harold
D:12:     david_orc_3
D:14:     erik_vaults_2, nicolae_dithmenos_the_darkroom, uniq_louise
D:15:     grunt_enter_depths_magical_seal
Lair:1:   minmay_guarded_unrand_snakebite
Lair:2:   grunt_megastairs_4
Lair:3:   minmay_swamp_entry_worms, nicolae_spider_entry_non_spiders,
          lab_entry_generic, st_stairs_7, grunt_forest_stairs_basic
Lair:4:   pond, grunt_megastairs_3, serial_bayou_shore_b, lemuel_fruit_fields,
          infiniplex_staircase_pool, serial_bayou_shore_b, serial_bayou_shore_a
Lair:5:   portal_ice_cave_rime
Lair:6:   due_jungle_book, slime_dummy, serial_bayou_pond_a, grunt_megastairs_5
Swamp:1:  serial_swamp_ruin, evilmike_swamp_ruin_house_4,
          evilmike_swamp_ruin_rubble_1, infiniplex_staircase_pool_2
Swamp:2:  evilmike_swamp_ruin_house_3, swamp_pool2
Swamp:3:  evilmike_swamp_ruin_house_1, uniq_aizul
Swamp:4:  swamp_vile
Spider:3: uniq_azrael
Spider:4: spider_rune_water, spider_trap
Orc:1:    basic_altar
Orc:2:    grunt_orc_community_town_hall, grunt_orc_community_big_house_1,
          grunt_orc_community_big_house_2, grunt_orc_community_house_3,
          grunt_orc_community_house_1, grunt_orc_community_house_3,
          grunt_orc_community_house_1, basic_altar,
          nicolae_volcano_entry_batcave, nicolae_alphabet_shops,
          minmay_orc_temple_c, uniq_maurice
Vaults:1: nicolae_vaults_rhombus_6, st_squares, nicolae_vaults_angled_halls,
          ontoclasm_vaults_decontamination, nicolae_vaults_inception_corners,
          nicolae_vaults_inception_statues, nicolae_vaults_border_crossing,
          v_pattern_5, vaults_mumra_hexcomb, uniq_asterion
Vaults:2: vaults_dpeg_ring, hangedman_vaults_slice,
          nicolae_vaults_yaktaur_gun_rack, nicolae_vaults_murderbox,
          ontoclasm_vaults_ring_square, hangedman_vaults_corner_blocks,
          hangedman_vaults_capsules, nicolae_vaults_angled_halls,
          vaults_room_corners, dpeg_vaults_monster_box, serial_shops, shop
Vaults:3: st_spiral_rooms, vaults_mumra_minichess, hangedman_vaults_restitches,
          nicolae_vaults_circle_grid_a, hangedman_vaults_maws,
          nicolae_vaults_little_squares_3, grunt_vaults_diagonal,
          hangedman_vaults_maws, minmay_crypt_entry_nasty_monster,
          vaults_room_pool, v_misc_31, hangedman_vaults_nails,
          ontoclasm_vaults_gateway, nicolae_vaults_diagonal_hallway_8,
          uniq_mennas
Abyss:3:  hangedman_abyss_sting, lemuel_flamethrower_2, due_exit_kobolds
IceCv:    ice_cave_statue_garden_teleport

Skill      XL: |  1  2  3  4  5  6  7  8  9 10 11 12 13 14 15 16 17 18 19 |
---------------+----------------------------------------------------------+-----
Axes           | 3 4 5 7 8 10 11 13 14 15 16 18 19 20 | 20.3
Armour         | 2 3 4 5 6 8 9 10 11 12 13 14 | 14.2
Fighting       | 4 5 6 7 8 9 10 12 13 14 15 16 | 16.3
Dodging        | 2 3 4 5 6 8 9 10 11 12 13 14 | 14.1

Action                   |  1- 3 |  4- 6 |  7- 9 | 10-12 | 13-15 | 16-18 | 19-21 || total
-------------------------+-------+-------+-------+-------+-------+-------+-------++-------
Melee: Hand axe          |    92 |   110 |       |       |       |       |       ||   202
       Headbutt          |     9 |    50 |   100 |   144 |   206 |   332 |    55 ||   896
       Falchion          |       |    87 |   210 |       |       |       |       ||   297
       Battleaxe         |       |       |   164 |   524 |       |       |       ||   688
       Trident           |       |       |       |     9 |       |       |       ||     9
       Executioner's axe |       |       |       |    67 |   669 |  1046 |   127 ||  1909
       Whip              |       |       |       |    16 |    41 |       |       ||    57
Invok: Berserk           |     1 |     2 |     9 |    12 |    10 |     6 |     2 ||    42
       Burn Spellbooks   |       |       |     2 |     3 |     4 |     4 |       ||    13
       Brothers in Arms  |       |       |       |       |     1 |    19 |     1 ||    21
       Trog's Hand       |       |       |       |       |       |     4 |       ||     4
Evoke: Wand              |       |       |     3 |       |       |       |       ||     3
       Lightning rod     |       |       |       |       |     4 |     3 |       ||     7
  Use: Scroll            |       |     9 |     6 |    13 |    14 |     8 |     2 ||    52
       Potion            |       |       |     1 |     2 |     2 |     8 |     1 ||    14
 Stab: Sleeping          |     1 |       |       |       |       |     2 |     2 ||     5
       Distracted        |       |       |     1 |     7 |     2 |     9 |     1 ||    20
  Eat: Chunk             |     3 |     9 |    18 |    26 |    22 |    47 |     8 ||   133
       Royal jelly       |       |       |     2 |     1 |     6 |       |       ||     9
       Fruit             |       |       |     5 |     2 |     9 |     2 |       ||    18
       Meat ration       |       |       |       |     1 |     2 |     1 |       ||     4
       Bread ration      |       |       |       |     1 |       |       |       ||     1
Armor: Leather armour    |     6 |       |       |       |       |       |       ||     6
       Plate armour      |    17 |   118 |   262 |    65 |    34 |   150 |       ||   646
       Chain mail        |       |       |    26 |       |       |       |       ||    26
       Ring mail         |       |       |       |   234 |   362 |   178 |       ||   774
       Scale mail        |       |       |       |    11 |       |       |       ||    11
       Troll leather arm |       |       |       |     5 |       |    79 |    10 ||    94
Dodge: Dodged            |    38 |    55 |   128 |   502 |   876 |  1159 |   103 ||  2861
Block: Shield            |       |       |    41 |       |       |       |       ||    41
       Rpst.: Falchion   |       |     8 |    20 |       |       |       |       ||    28
